 Dungeon Crawl Stone Soup version 0.26.1-11-gd32895ea62 (webtiles) character file.

Game seed: 11844493894406372254

32 kodamatunes15 the Ruffian (level 3, -1/30 HPs)
             Began as a Ghoul Gladiator on May 18, 2021.
             Slain by a leopard gecko (2 damage)
             ... on level 1 of the Dungeon.
             The game lasted 00:03:13 (479 turns).

kodamatunes15 the Ruffian (Ghoul Gladiator)          Turns: 479, Time: 00:03:14

Health: -1/30      AC:  5    Str: 17    XL:     3   Next: 27%
Magic:  2/2        EV: 12    Int:  4    God:
Gold:   49         SH:  0    Dex: 10    Spells: 2/2 levels left

rFire    . . .     SeeInvis .   e - +0 spear
rCold    + . .     Faith    .   (no shield)
rNeg     + + +     Spirit   .   a - +0 leather armour
rPois    ∞         Reflect  .   b - +1 helmet
rElec    .         Harm     .   (no cloak)
rCorr    .         Rampage  .   (no gloves)
Will     .....                  (no boots)
Stlth    +.........             (no amulet)
HPRegen  0.00/turn              (no ring)
MPRegen  0.08/turn              (no ring)

@: no status effects
A: claws 1, cold resistance 1, negative energy resistance 3, inhibited
regeneration, torment resistance, unbreathing
a: no special abilities


You were on level 1 of the Dungeon.
You visited 1 branch of the dungeon, and saw 1 of its levels.

You collected 49 gold pieces.

Inventory:

Hand Weapons
 e - a +0 spear (weapon)
Missiles
 c - 3 throwing nets (quivered)
 f - 17 bolts
Armour
 a - a +0 leather armour (worn)
 b - a +1 helmet (worn)
Jewellery
 g - a cursed -4 ring of dexterity {unknown}
 i - an uncursed ring of magical power {unknown}
Scrolls
 h - a scroll of remove curse {unknown}
Potions
 d - a potion of curing {unknown}


   Skills:
 + Level 2.5 Fighting
 + Level 1.0 Polearms
 + Level 1.9 Throwing
 + Level 0.5 Armour
 + Level 3.0 Dodging
 + Level 3.6 Unarmed Combat


You had 2 spell levels left.
You didn't know any spells.
Your spell library was empty.

Dungeon Overview and Level Annotations

Branches:
Dungeon (1/15)

Altars:


Innate Abilities, Weirdness & Mutations

You thrive by killing the living.
You are immune to poison.
You have sharp fingernails.
Your flesh is cold resistant. (rC+)
You are immune to negative energy. (rN+++)
You do not regenerate when monsters are visible.
You are immune to unholy pain and torment.
You can survive without breathing.


Message History

a frilled lizard corpse; a leopard gecko corpse You now have 49 gold pieces (gained 9).
A hobgoblin comes into view.
The hobgoblin shouts!
You hear an angry hiss.
A leopard gecko comes into view.
The hobgoblin barely misses you.
You hit the hobgoblin.
The hobgoblin is lightly wounded.
The hobgoblin misses you.
You hit the hobgoblin.
The hobgoblin is severely wounded.
The hobgoblin hits you.
* * * LOW HITPOINT WARNING * * *
You hit the hobgoblin.
You kill the hobgoblin!
The leopard gecko closely misses you.
The leopard gecko bites you but does no damage.
Your Polearms skill increases to level 1!
You miss the leopard gecko. The leopard gecko bites you.
You die...

......###.#.## *.......,,*
...(.###..#..# *.......,,*
....####.##..###.......,,*
...## #..#.....†.......,,*
..## ##.##.....).......,,*
.## ##..##..###.##.####***
## ##..###..# #.#*,#,,,,** #
##..##...## #.##.#,,,,,**
##).###...* #.@..#,,*,,,*
##..##*#...* ##.l....#*,,*
...##,,....* ##....#..,,*
.###*,***********#####,**,**
##,*,,,,,,,,,,,,,,,,,,,*,,,*
**,,,,*******************,,*
,,,,,** *,,,,**,,* #*****
*,,,,,,,,* ****,,,,,*


You could see a leopard gecko.

Vanquished Creatures
  A dart slug (D:1)
  2 leopard geckos (D:1)
  5 giant cockroaches (D:1)
  2 goblins (D:1)
  5 hobgoblins (D:1)
  2 jackals (D:1)
  A ball python (D:1)
  3 frilled lizards (D:1)
  2 kobolds (D:1)
  3 rats (D:1)
26 creatures vanquished.

Notes
Turn   | Place    | Note
-------+----------+-------------------------------------------
     0 | D:1      | kodamatunes15 the Ghoul Gladiator began the quest for the
                  | Orb.
     0 | D:1      | Reached XP level 1. HP: 17/17 MP: 0/0
   200 | D:1      | Reached XP level 2. HP: 18/25 MP: 1/1
   382 | D:1      | Reached XP level 3. HP: 20/30 MP: 2/2
   477 | D:1      | HP: 1/30 [hobgoblin (4)]
   479 | D:1      | Reached skill level 1 in Polearms
   479 | D:1      | Slain by a leopard gecko

Illustrated notes

Levels and vault maps discovered:
D:1:      dpeg_arrival_central, layout_basic, st_stairs_14,
          wander_ebering_terrifying_dragon_lair

Skill      XL: |  1  2  3 |
---------------+----------+-----
Dodging        | 3 |  3.0
Polearms       | 1 |  1.0
Fighting       | |  2.5
Throwing       | |  1.9
Armour         | |  0.5
Unarmed Combat | |  3.6

Action                   || total
-------------------------++-------
Melee: Spear             ||   118
       Unarmed           ||     8
       Punch             ||     1
  Use: Scroll            ||     4
Armor: Leather armour    ||    54
Dodge: Dodged            ||   121
